 Dungeon Sprint DCSS version 0.30-a0-210-g01b79a254e (webtiles) character file.

Game seed: 2286058527778642910

16 rocky1 the Cudgeller (level 2, -2/43 HPs)
             Began as an Ogre Gladiator on Oct 5, 2022.
             Was an Initiate of Gozag.
             Slain by Grinder (6 damage)
             ... in the Dungeon (Sprint VII: "The Pits").
             The game lasted 00:00:38 (110 turns).

rocky1 the Cudgeller (Ogre Gladiator)                Turns: 110, Time: 00:00:40

Health: -2/43      AC:  3    Str: 17    XL:     2   Next: 54%
Magic:  2/2        EV: 10    Int:  9    God:    Gozag
Gold:   216        SH:  0    Dex: 10    Spells: 1/1 levels left

rFire   . . .      SeeInvis .    a - +0 flail
rCold   . . .      Faith    .    (no shield)
rNeg    . . .      Spirit   .    b - +0 robe
rPois   .          Reflect  .    c - +0 hat
rElec   .          Harm     .    (no cloak)
rCorr   .          Rampage  .    (gloves unavailable)
Will    .....      NoTele   +    (boots unavailable)
Stlth   ..........               (no amulet)
HPRegen 0.27/turn                (no ring)
MPRegen 0.08/turn                (no ring)

@: berserking (expiring), gold aura, very quick
A: large, unfitting armour, tough skin 1
a: Renounce Religion, Potion Petition, Call Merchant, Bribe Branch


You were in the Dungeon.
You worshipped Gozag.
Gozag was aware of your devotion.
You visited 1 branch You collected 216 gold pieces.

Inventory:

Hand Weapons
 a - a +0 flail (weapon)
Missiles
 d - 3 throwing nets (quivered)
 e - a large rock
Armour
 b - a +0 robe (worn)
 c - a +0 hat (worn)
Scrolls
 k - a scroll of blinking
 m - 5 scrolls of amnesia
 n - a scroll of summoning
Potions
 f - a potion of curing
 g - a potion of heal wounds
 h - a potion of haste
 i - 4 potions of magic
 j - 2 potions of berserk rage
 l - 2 potions of invisibility


   Skills:
 - Level 2.6 Fighting
 + Level 5.3 Maces & Flails
 - Level 2.0 Throwing
 - Level 2.6 Dodging


You had one spell level left.
You didn't know any spells.
Your spell library was empty.

Dungeon Overview and Level Annotations

Branches:
Dungeon (1/1)

Altars:
Ashenzari
Cheibriados
Dithmenos
Elyvilon
Fedhas
Gozag
Hepliaklqana
Kikubaaqudgha
Makhleb
Nemelex Xobeh
Okawaru
Qazlal
Ru
Sif Muna
Trog
Uskayaw
Vehumet
Wu Jian
Xom
Yredelemnul
Zin
The Shining One
Jiyva
Lugonu

Annotations:
D Grinder


Innate Abilities, Weirdness & Mutations

You are too large for most types of armour.
You have tough skin. (AC +1)


Message History

A bat comes into view.
The bat barely misses you.
You closely miss the bat. The bat hits you but does no damage.
The bat closely misses you. The bat hits you but does no damage.
You barely miss the bat. The bat hits you but does no damage. The bat hits you.
The bat hits you but does no damage. x2
You sock the bat!
You kill the bat!
You barely miss the gnoll. The gnoll barely misses you.
A red film seems to cover your vision as you go berserk!
You feel yourself moving faster!
You feel mighty! The gnoll closely misses you.
Grinder blinks!
You thump the gnoll!
You kill the gnoll!
Grinder blinks!
Your Maces & Flails skill increases to level 5!
You have reached level 2!
You closely miss Grinder. Grinder gestures at you.
Pain shoots through your body!
You barely miss Grinder. You sock Grinder!
Grinder is moderately wounded.
Grinder says, "DUCK!"
Grinder gestures at you.
You suddenly lose the ability to move!
The river rat bites you. Grinder hits you.
You writhe in agony.
The river rat bites you. Grinder hits you.
* * * LOW HITPOINT WARNING * * *
You writhe in agony.
* * * LOW HITPOINT WARNING * * *
The river rat barely misses you. Grinder hits you but does no damage.
You can move again.
You closely miss Grinder.
Grinder is moderately wounded.
The river rat closely misses you. Grinder hits you.
* * * LOW HITPOINT WARNING * * *
You writhe in agony.
You die...
Your body crumbles into a pile of gold.

##########'##..........
#.?(.')))'.##......#..#
##########.##..........
#..........†'..........
#+#####'#####......#..#
#.....##..........
#####'#####'#####+
#.r...##.......#
#@5...##.......#
###'####.......# ....
#...<...#
g....##.......#
5.....##.......#
#########.......#
#########


You could see Grinder and a river rat.

Vanquished Creatures
  A gnoll (D)
  An endoplasm (D)
  A hobgoblin (D)
  2 bats (D)
  A frilled lizard (D)
  A rat (D)
7 creatures vanquished.

Notes
Turn   | Place    | Note
-------+----------+-------------------------------------------
     0 | D        | rocky1 the Ogre Gladiator began the quest for the Orb.
     0 | D        | Reached XP level 1. HP: 22/22 MP: 1/1
    15 | D        | Reached skill level 3 in Maces & Flails
    19 | D        | Found a bloodstained altar of Trog.
    19 | D        | Found a shimmering blue altar of Sif Muna.
    19 | D        | Found a viscous altar of Jiyva.
    19 | D        | Found a hazy altar of Hepliaklqana.
    19 | D        | Found an opulent altar of Gozag.
    20 | D        | Found a glowing golden altar of the Shining One.
    20 | D        | Found a glowing silver altar of Zin.
    20 | D        | Found a basalt altar of Yredelemnul.
    20 | D        | Found a shimmering altar of Xom.
    20 | D        | Found an ornate altar of the Wu Jian Council.
    20 | D        | Found a sacrificial altar of Ru.
    20 | D        | Found a stormy altar of Qazlal.
    20 | D        | Found an iron altar of Okawaru.
    20 | D        | Found a sparkling altar of Nemelex Xobeh.
    20 | D        | Found a burning altar of Makhleb.
    20 | D        | Found a blossoming altar of Fedhas.
    20 | D        | Found a white marble altar of Elyvilon.
    20 | D        | Found a shadowy altar of Dithmenos.
    20 | D        | Found a snail-covered altar of Cheibriados.
    24 | D        | Found a corrupted altar of Lugonu.
    24 | D        | Found a radiant altar of Vehumet.
    25 | D        | Found a broken altar of Ashenzari.
    25 | D        | Found an ancient bone altar of Kikubaaqudgha.
    25 | D        | Found a hide-covered altar of Uskayaw.
    27 | D        | Became a worshipper of Gozag Ym Sagoz the Greedy
    87 | D        | Reached skill level 4 in Maces & Flails
    95 | D        | Noticed Grinder
   104 | D        | Reached skill level 5 in Maces & Flails
   104 | D        | Reached XP level 2. HP: 29/29 MP: 2/2
   106 | D        | Paralysed by Grinder for 3 turns
   110 | D        | Slain by Grinder

Illustrated notes

Levels and vault maps discovered:
D:        pitsprint [storerooms_1, entrance_room_1, metal_vault_2, armoury_2,
          mini_pit_1, grid_room_1, main_hall_1, silver_pit, the_coven_3,
          the_vestibule_1, steel_vault_1, golden_pit, hallway_of_sentries,
          crystal_vault_2, iron_vault_4, final_vault]

Skill      XL: |  1 |
---------------+----+-----
Maces & Flails | 5 |  5.3
Fighting       | |  2.6
Throwing       | |  2.0
Dodging        | |  2.6

Action                   || total
-------------------------++-------
Melee: Flail             ||    26
  Use: Potion            ||     1
Armor: Robe              ||    15
Dodge: Dodged            ||    21

Table legend: (Time is in decaauts)
 A = Elapsed time spent in this place.
 B = Non-inter-level travel time spent in this place.
 C = Inter-level travel time spent in this place.
 D = Time resting spent in this place.
 E = Time spent auto-exploring this place.
 F = Levels seen in this place.
 G = Mean time per level.
                   A        B        C        D        E       F      G
               +--------+--------+--------+--------+--------+-----+--------+
         Total |    113 |    101 |     12 |      0 |      0 |   1 |  113.0 |
       Dungeon |    113 |    101 |     12 |      0 |      0 |   1 |  113.0 |
               +--------+--------+--------+--------+--------+-----+--------+

Top non-repeatable levels by time:
       D: 113 daAuts
